 Dungeon Crawl Stone Soup version 0.31-a0-4-gefa6de2278 (webtiles) character file.

Game seed: 9843490401853178542

57 Darkkill the Shooter (level 3, -5/31 HPs)
             Began as a Minotaur Hunter on May 3, 2023.
             Slain by a gnoll
             ... wielding a +0 club
              (8 damage)
             ... on level 3 of the Dungeon.
             The game lasted 00:01:38 (1341 turns).

Darkkill the Shooter (Minotaur Hunter)              Turns: 1341, Time: 00:01:39

Health: -5/31      AC:  3    Str: 15    XL:     3   Next: 73%
Magic:  2/2        EV: 12    Int:  6    God:
Gold:   182        SH:  0    Dex: 15    Spells: 2/2 levels left

rFire   . . .        a - +0 shortbow
rCold   . . .        (shield currently unavailable)
rNeg    . . .        c - +0 leather armour
rPois   .            (helmet restricted)
rElec   .            (no cloak)
rCorr   .            (no gloves)
SInv    .            (no boots)
Will    .....        (no amulet)
Stlth   ++           (no ring)
HPRegen 0.25/turn    (no ring)
MPRegen 0.08/turn

%: no passive effects
@: no status effects
A: horns 2, retaliatory headbutt
a: no special abilities


You were on level 3 of the Dungeon.
You visited 1 branch of the dungeon, and saw 3 of its levels.

You collected 182 gold pieces.

Inventory:

Hand Weapons
 a - a +0 shortbow (weapon)
Missiles
 d - 5 poisoned darts
 i - 22 stones
Armour
 c - a +0 leather armour (worn)
 g - a +0 cloak
Scrolls
 b - 4 scrolls of immolation
Potions
 e - a potion of might
 f - 2 potions of berserk rage
 h - a potion of brilliance
 j - a potion of lignification {unknown}


   Skills:
 + Level 3.3 Fighting
 + Level 4.8 Ranged Weapons
 + Level 2.9 Dodging
 + Level 1.6 Stealth


You had 2 spell levels left.
You didn't know any spells.
Your spell library contained the following spells:

 Spells                   Type           Power      Damage    Failure   Level
 Tukima's Dance           Hex            0%         N/A       88%         3
 Passage of Golubria      Tloc           0%         N/A       99%         4
 Yara's Violent Unravell  Hex/Tmut       0%         3d3       100%        5


Dungeon Overview and Level Annotations

Branches:
Dungeon (3/15)

Altars:

Shops:
D:2 =


Innate Abilities, Weirdness & Mutations

You have a pair of horns on your head.
You reflexively headbutt those who attack you in melee.


Message History

There is an entrance to Nibeunti's Jewellery Shoppe here.
A giant cockroach comes into view.
You shoot an arrow.
The arrow barely misses the giant cockroach.
You shoot an arrow.
The arrow hits the giant cockroach but does no damage.
A giant cockroach is nearby!
You shoot an arrow. The arrow hits the giant cockroach!
You kill the giant cockroach!
A hobgoblin comes into view.
The hobgoblin shouts!
You shoot an arrow.
The arrow hits the hobgoblin but does no damage.
A hobgoblin is nearby!
You shoot an arrow.
The arrow hits the hobgoblin but does no damage.
A hobgoblin is nearby!
You shoot an arrow. The arrow hits the hobgoblin.
The hobgoblin is moderately wounded.
A hobgoblin is nearby!
You shoot an arrow. The arrow hits the hobgoblin!
You kill the hobgoblin!
You see here a hobgoblin corpse.
Found a mace.
No target in view!
j - a sedimented purple potion No target in view!
Done exploring.
Done exploring.
No target in view!
No target in view!
Done exploring.
No target in view!
Done exploring.
No target in view!
Done exploring.
Done exploring.
No target in view!
As you read the scroll of identify {@r1}, it crumbles to dust.
e - a potion of might
There is a stone staircase leading up here.
There is a stone staircase leading down here.
You climb downwards.
There is a stone staircase leading up here.
No target in view!
Found a short sword.
You see here a +0 short sword.
There is a stone staircase leading up here.
You now have 182 gold pieces (gained 10).
g - a +0 cloak No target in view!
No target in view!
A kobold comes into view.
It is wielding a +0 short sword and quivering poisoned darts.
The kobold shouts!
You hear an angry hiss.
The kobold throws a poisoned dart.
The poisoned dart hits you!
You are poisoned.
You shoot an arrow. The arrow hits the kobold.
The kobold is severely wounded.
You feel very sick.
A kobold is nearby!
A kobold is nearby!
You shoot an arrow. The arrow hits the kobold.
You kill the kobold!
You feel sick.
You feel sick.
A ball python comes into view.
You shoot an arrow. The arrow hits the ball python!
You kill the ball python!
You feel sick.
You feel sick.
You feel sick.
You feel sick.
You feel sick.
You are no longer poisoned.
A gnoll comes into view. It is wielding a +0 club.
You shoot an arrow. The arrow barely misses the gnoll.
The gnoll shouts!
The gnoll hits you with a +0 club!
A gnoll is nearby!
You are too injured to fight recklessly!
A gnoll is nearby!
You are too injured to fight recklessly!
A gnoll is nearby!
You are too injured to fight recklessly!
A gnoll is nearby!
You are too injured to fight recklessly!
You shoot an arrow. The arrow hits the gnoll.
The gnoll is lightly wounded.
The gnoll closely misses you.
You shoot an arrow. The arrow barely misses the gnoll.
The gnoll hits you with a +0 club.
You shoot an arrow. The arrow barely misses the gnoll.
The gnoll hits you with a +0 club.
* * * LOW HITPOINT WARNING * * *
The gnoll hits you with a +0 club.
* * * LOW HITPOINT WARNING * * *
You shoot an arrow. The arrow hits the gnoll!
The gnoll is severely wounded.
The gnoll hits you with a +0 club!
You die...

####### #.#.#
#.#.####.#
#........#
###.######
#.##.. #.##.#
#.##.#
#####.##.######.
#.......@.....).
#.##...#g######†
#...........
##...#######
##.## #.# #.#
#+#


You could see a gnoll.

Vanquished Creatures
  2 adders (D:2)
  3 worms (D:2)
  An endoplasm (D:1)
  2 giant cockroaches
  A goblin (D:1)
  5 hobgoblins
  2 jackals (D:2)
  7 kobolds
  A quokka (D:2)
  4 ball pythons
  2 rats (D:1)
30 creatures vanquished.

Vanquished Creatures (others)
  A plant (D:2)
1 creature vanquished.

Grand Total: 31 creatures vanquished

Notes
Turn   | Place    | Note
-------+----------+-------------------------------------------
     0 | D:1      | Darkkill the Minotaur Hunter began the quest for the Orb.
     0 | D:1      | Reached XP level 1. HP: 18/18 MP: 0/0
   265 | D:1      | Reached skill level 1 in Stealth
   410 | D:1      | Reached XP level 2. HP: 25/25 MP: 1/1
   730 | D:2      | Reached XP level 3. HP: 23/31 MP: 2/2
   866 | D:2      | Found a faded altar of an unknown god.
  1053 | D:2      | Found Nibeunti's Jewellery Shoppe.
  1340 | D:3      | HP: 5/31 [gnoll/+0 club (6)]
  1340 | D:3      | HP: 2/31 [gnoll/+0 club (3)]
  1341 | D:3      | Slain by a gnoll

Illustrated notes

Levels and vault maps discovered:
D:1:      ncdulo_wetmaze, layout_basic
D:2:      layout_rooms, shapermc_ecumenical_altar_mp_ritualfount, serial_shops,
          nicolae_shop_gaudy_bauble
D:3:      layout_loops_corners

Skill      XL: |  1  2 |
---------------+-------+-----
Stealth        | 1 |  1.6
Fighting       | 3 |  3.3
Ranged Weapons | |  4.8
Dodging        | |  2.9

Action                     || total
---------------------------++-------
   Fire: Shortbow          ||    92
    Use: Scroll            ||     6
 Armour: Leather armour    ||     6
  Dodge: Dodged            ||    19

Table legend: (Time is in decaauts)
 A = Elapsed time spent in this place.
 B = Non-inter-level travel time spent in this place.
 C = Inter-level travel time spent in this place.
 D = Time resting spent in this place.
 E = Time spent auto-exploring this place.
 F = Levels seen in this place.
 G = Mean time per level.
                   A        B        C        D        E       F      G
               +--------+--------+--------+--------+--------+-----+--------+
         Total |   1374 |   1259 |    115 |      0 |   1067 |   3 |  458.0 |
       Dungeon |   1374 |   1259 |    115 |      0 |   1067 |   3 |  458.0 |
               +--------+--------+--------+--------+--------+-----+--------+

Top non-repeatable levels by time:
     D:1: 692 daAuts
     D:2: 567 daAuts
     D:3: 114 daAuts

Levels and vault maps discovered:
D:1:      ncdulo_wetmaze, layout_basic
D:2:      layout_rooms, shapermc_ecumenical_altar_mp_ritualfount, serial_shops,
          nicolae_shop_gaudy_bauble
D:3:      layout_loops_corners

Table legend: (Time is in decaauts)
 A = Elapsed time spent in this place.
 B = Non-inter-level travel time spent in this place.
 C = Inter-level travel time spent in this place.
 D = Time resting spent in this place.
 E = Time spent auto-exploring this place.
 F = Levels seen in this place.
 G = Mean time per level.
                   A        B        C        D        E       F      G
               +--------+--------+--------+--------+--------+-----+--------+
         Total |   1374 |   1259 |    115 |      0 |   1067 |   3 |  458.0 |
       Dungeon |   1374 |   1259 |    115 |      0 |   1067 |   3 |  458.0 |
               +--------+--------+--------+--------+--------+-----+--------+

Top non-repeatable levels by time:
     D:1: 692 daAuts
     D:2: 567 daAuts
     D:3: 114 daAuts

Table legend:
 A = Kills in this place as a percentage of kills in the entire game.
 B = Kills by you in this place as a percentage of kills by you in the entire game.
 C = Kills by friends in this place as a percentage of kills by friends in the entire game.
 D = Other kills in this place as a percentage of other kills in the entire game.
 E = Experience gained in this place as a percentage of experience gained in the entire game.
 F = Experience gained in this place divided by the number of levels of this place that you have seen.
                   A       B       C       D       E      F
               +-------+-------+-------+-------+-------+----------------------
         Total | 100.0 | 100.0 |   N/A |   N/A | 100.0 |  27.3
       Dungeon | 100.0 | 100.0 |   N/A |   N/A | 100.0 |  27.3
               +-------+-------+-------+-------+-------+----------------------
